 Dungeon Crawl Stone Soup version 0.23.2-33-g5129a83184 (webtiles) character file.

Game seed: 11322342721714341144

49 Derp the Slasher (level 3, -5/27 HPs)
             Began as a Demonspawn Gladiator on July 23, 2019.
             Slain by Sigmund
             ... wielding a +0 scythe
              (11 damage)
             ... on level 2 of the Dungeon.
             The game lasted 00:03:22 (733 turns).

Derp the Slasher (Demonspawn Gladiator)              Turns: 733, Time: 00:03:22

Health: -5/27      AC:  4    Str: 15    XL:     3   Next: 53%
Magic:  3/3        EV: 13    Int:  9    God:
Gold:   126        SH:  0    Dex: 14    Spells: 2/2 levels left

rFire    . . .     SeeInvis .   a - +0 long sword
rCold    . . .     Gourm    .   (no shield)
rNeg     . . .     Faith    .   p - +0 leather armour (curse)
rPois    .         Spirit   .   c - +0 helmet
rElec    .         Reflect  .   (no cloak)
rCorr    .         Harm     .   (no gloves)
MR       .....                  (no boots)
Stlth    ++........             (no amulet)
HPRegen  0.09/turn              (no ring)
MPRegen  0.08/turn              (no ring)

@: no status effects
A: hooves 1, nightstalker 1
a: no special abilities


You were on level 2 of the Dungeon.
You were not hungry.

You visited 1 branch of the dungeon, and saw 2 of its levels.

You collected 126 gold pieces.

Inventory:

Hand Weapons
 a - a +0 long sword (weapon)
Missiles
 d - 3 throwing nets (quivered)
Armour
 b - a +0 leather armour
 c - a +0 helmet (worn)
 p - a cursed +0 leather armour (worn)
Jewellery
 e - an uncursed amulet of guardian spirit {unknown}
 k - an uncursed amulet of guardian spirit {unknown}
 m - an uncursed ring of wizardry
Scrolls
 i - 2 scrolls of identify {unknown}
 j - a scroll of enchant armour {unknown}
Potions
 g - a potion of might {unknown}
 h - a potion of cancellation {unknown}
 l - a potion of brilliance {unknown}
 n - 2 potions of curing {unknown}
 o - 2 potions of heal wounds {unknown}
 q - a potion of flight {unknown}
Comestibles
 f - 4 rations


   Skills:
 + Level 2.2 Fighting
 + Level 3.3 Long Blades
 + Level 2.0 Throwing
 + Level 0.6 Armour
 + Level 3.0 Dodging
 + Level 0.6 Stealth


You had 2 spell levels left.
You didn't know any spells.
Your spell library was empty.

Dungeon Overview and Level Annotations

Branches:
Dungeon (2/15)

Altars:

Annotations:
D:2 Sigmund


Innate Abilities, Weirdness & Mutations

You have large cloven feet.
You are slightly more attuned to the shadows.


Message History

Sigmund is too close now for your liking.
You see here a puce potion.
Sigmund gestures at you while chanting.
You are confused.
You're too confused to move!
You bump into the rock wall.
Sigmund casts a spell.
Sigmund flickers and vanishes!
Deactivating autopickup; reactivate with Ctrl-A.
Something hits you!
You bump into the rock wall.
You bump into the rock wall.
Something hits you!
* * * LOW HITPOINT WARNING * * *
You feel less confused.
You hear some strange, mumbled words.
Something tries to affect you, but you resist.
You hit something. Your kick misses something. Something hits you.
* * * LOW HITPOINT WARNING * * *
You barely miss something. Your kick misses something. Something hits you!
You die...

..#...## #.........
.....####........ .
#....##........ ..
#....).......# ...
#.#..........#....
#.##.#)....†......
#.##..#.##..##.##
#.###...##...#.# #@#
#...####...# #{#
#..........### #.#
#.#.....#..... ...
.........##...
##.#..#........##..
#...#..........#..
#.
..............(.....
#.#
.........#..........
..##
....................


There were no monsters in sight!

Vanquished Creatures
  3 dart slugs
  A leopard gecko (D:1)
  6 bats
  2 giant cockroaches (D:1)
  4 goblins (D:1)
  6 hobgoblins
  2 jackals (D:1)
  4 frilled lizards
  8 kobolds
  7 rats
43 creatures vanquished.

Notes
Turn   | Place    | Note
-------+----------+-------------------------------------------
     0 | D:1      | Derp the Demonspawn Gladiator began the quest for the Orb.
     0 | D:1      | Reached XP level 1. HP: 16/16 MP: 1/1
    75 | D:1      | Gained mutation: You have large cloven feet. [demonic
                  | ancestry]
    75 | D:1      | Reached XP level 2. HP: 22/22 MP: 2/2
   205 | D:1      | Gained mutation: You are slightly more attuned to the
                  | shadows. [demonic ancestry]
   205 | D:1      | Reached XP level 3. HP: 15/27 MP: 3/3
   573 | D:2      | Noticed Sigmund
   733 | D:2      | Slain by Sigmund

Skill      XL: |  1  2 |
---------------+-------+-----
Throwing       | 2 |  2.0
Long Blades    | 3 |  3.3
Dodging        | 3 |  3.0
Fighting       | |  2.2
Armour         | |  0.6
Stealth        | |  0.6

Action                   || total
-------------------------++-------
Melee: Long sword        ||    80
       Kick              ||    13
 Stab: Sleeping          ||     1
Armor: Leather armour    ||    27
       Skin              ||     1
Dodge: Dodged            ||    68
       Rpst.: Long sword ||    26
